 Dungeon Crawl Stone Soup version 0.14-a0-19-g3ffea20 (webtiles) character file.

77 Sachiko the Caller (level 1, 0/7 HPs)
             Began as a Felid Summoner on Sept 25, 2013.
             Slain by a jackal (2 damage)
             ... on Level 1 of the Dungeon.
             The game lasted 00:03:14 (376 turns).

Sachiko the Caller (Felid Summoner)                  Turns: 376, Time: 00:03:15

HP   0/7         AC  1     Str  4      XL: 1   Next: 83%
MP   1/4         EV 18     Int 16      God:
Gold 70          SH  0     Dex 16      Spells:  1 memorised,  1 level left
Lives: 0, deaths: 0

Res.Fire  : . . .   See Invis. : +   (weapon unavailable)
Res.Cold  : . . .   Warding    : .   (armour unavailable)
Life Prot.: . . .   Conserve   : .   (shield unavailable)
Res.Poison: .       Res.Corr.  : .   (helmet unavailable)
Res.Elec. : .       Clarity    : .   (cloak unavailable)
Sust.Abil.: . .     Spirit.Shd : .   (gloves unavailable)
Res.Mut.  : .       Stasis     : .   (boots unavailable)
Res.Rott. : .       Flight     : .   (no amulet)
Saprovore : . . .                    (no ring)
                                     (no ring)

@: very slightly contaminated, quick, not resistant to hostile enchantments,
stealthy
A: paw claws, no armour, no advanced items, fangs 3, see invisible, carnivore 3,
speed 1, slow metabolism 1, AC +1
a: no special abilities


You were on level 1 of the Dungeon.
You were not hungry.

You visited 1 branch of the dungeon, and saw 1 of its levels.

You collected 50 gold pieces.

Inventory:

Comestibles
 c - a meat ration
Books
 b - a book of Callings

   Spells                             Type                      Level
   *Summon Small Mammal               Summoning                    1
   Call Imp                           Summoning                    2
   Call Canine Familiar               Summoning                    3
   Summon Scorpions                   Summoning/Poison             4
   Summon Ice Beast                   Ice/Summoning                4


   Skills:
 - Level 2.6 Dodging
 + Level 2.8 Stealth
 + Level 1.1 Spellcasting
 + Level 4.2 Summonings


You had one spell level left.
You knew the following spells:

 Your Spells              Type           Power        Failure   Level  Hunger
a - Summon Small Mammal   Summ           ##..         4%          1    ##.....


Dungeon Overview and Level Annotations

Branches:
Dungeon (1/27)

Altars:


Innate Abilities, Weirdness & Mutations

You cannot wear armour.
You are incapable of any advanced item manipulation.
Your paws have sharp claws.
You have razor-sharp teeth.
You have supernaturally acute eyesight.
You are carnivorous and can eat meat at any time.
You cover ground quickly.
You are covered in fur (AC +1).
You have a slow metabolism.


Message History

The jackal bites your rat. Something bites your grey rat.
Your rat bites the jackal.
Your grey rat barely misses the jackal.
Casting: Summon Small Mammal
Confirm with . or Enter, or press ? or * to list all spells.
The jackal misses your rat. Something bites your grey rat.
Your grey rat dies!
Your grey rat's corpse disappears in a puff of smoke!
Your rat bites the jackal.
The jackal dies!
Casting: Summon Small Mammal
Confirm with . or Enter, or press ? or * to list all spells.
You don't know that spell.
Unknown command.
The jackal barely misses your rat.
You swap places.
The jackal bites your rat but does no damage.
Your rat barely misses the jackal.
The jackal barely misses your rat.
Your rat bites the jackal.
The jackal misses you.
Your rat barely misses the jackal.
The jackal bites you.
You die...

.............!.# #.........
......(....###.#############..##.
...........................#..##.
,*****#....#*#.##................
,*#####...r###.##.####...........
,*#.............................#
,*#.###...$###.##.####..........#
,**,* #........hrr...............
,**,* ########.#@>..######.##.###
,**,******* #.#....# #......,
,,,,,,,,,,* #.#....######......,
,,,,,,,,,,* #................(,,
,,,,,,,,,,* ###....######.####**
,,,,,,,,,,* #.....).........,,
,,,,,,,,,,**####....####.......,>
,,,,,,,,,,,...................,,,
*,,,,,,,,,**##################***


You could see a jackal, a friendly grey rat and a friendly rat.

Vanquished Creatures
  A giant cockroach (D:1)
  A kobold (D:1)
  A rat (D:1)
3 creatures vanquished.

Vanquished Creatures (collateral kills)
  A giant mite (D:1)
  A jackal (D:1)
  A kobold (D:1)
3 creatures vanquished.

Vanquished Creatures (others)
  A grey rat (D:1)
  A rat (D:1)
2 creatures vanquished.

Grand Total: 8 creatures vanquished

Notes
Turn   | Place    | Note
--------------------------------------------------------------
     0 | D:1      | Sachiko, the Felid Summoner, began the quest for the Orb.
     0 | D:1      | Reached XP level 1. HP: 7/7 MP: 4/4
   376 | D:1      | Slain by a jackal

Action                   || total
-------------------------++-------
Melee: Unarmed           ||    27
 Cast: Summon Small Mamm ||     9
  Use: Scroll            ||     5
       Potion            ||     3
 Stab: Sleeping          ||     2
